 Dungeon Crawl Stone Soup version 0.20-a0-501-g0de2c2e (webtiles) character file.

175 Jmtri7 the Nimble (level 5, 0/41 HPs)
             Began as a Merfolk Monk on Jan 20, 2017.
             Slain by Duvessa
             ... wielding a +0 short sword of venom
              (5 damage)
             ... on level 4 of the Dungeon.
             The game lasted 00:06:27 (3237 turns).

Jmtri7 the Nimble (Merfolk Monk)                    Turns: 3237, Time: 00:06:28

Health: 0/41       AC:  2    Str: 15    XL:     5   Next: 55%
Magic:  14/14      EV: 18    Int: 10    God:
Gold:   128        SH:  0    Dex: 17    Spells: 4/4 levels left

rFire    . . .     SeeInvis .   k - +2 dagger (drain)
rCold    . . .     Gourm    .   b - +0 robe
rNeg     . . .     Faith    .   (no shield)
rPois    .         Spirit   .   (no helmet)
rElec    .         Reflect  .   (no cloak)
rCorr    .         Harm     .   (no gloves)
MR       .....                  (no boots)
Stlth    ++........             (no amulet)
Regen    0.2/turn               h - ring of magical power
                                i - +4 ring of strength

@: lethally poisoned (0 -> -9)
A: change form in water, swift swim, stealthy swim
a: no special abilities


You were on level 4 of the Dungeon.
You were not hungry.

You visited 1 branch of the dungeon, and saw 4 of its levels.

You collected 128 gold pieces.

Inventory:

Hand Weapons
 a - a +0 falchion
 k - a +2 dagger of draining (weapon)
Armour
 b - a +0 robe (worn)
Jewellery
 h - a ring of magical power (right hand)
 i - a +4 ring of strength (left hand)
Scrolls
 e - a scroll of magic mapping
 s - a scroll of teleportation
 t - a scroll of remove curse
Potions
 d - 2 potions of berserk rage
 f - 2 potions of might
 j - a potion of ambrosia {unknown}
 l - 2 potions of curing {unknown}
 m - a potion of heal wounds {unknown}
 n - a potion of agility {unknown}
 u - a potion of haste {unknown}
Comestibles
 c - 3 bread rations
 g - 2 meat rations
 o - 3 chunks of flesh
 p - a slice of pizza
 q - 3 fruits


   Skills:
 - Level 3.2 Fighting
 - Level 3.2 Long Blades
 + Level 8.0 Dodging
 - Level 2.1 Stealth


You had 4 spell levels left.
You didn't know any spells.

Dungeon Overview and Level Annotations

Branches:
Dungeon (4/15)
 Temple: D:4-7

Altars:
Cheibriados
Dithmenos
Kikubaaqudgha
Uskayaw
Zin

Annotations:
D:4 Dowan, Duvessa


Message History

Duvessa says, "When magic and the sword combine, nothing stands against them."
Duvessa closely misses you. Duvessa barely misses you.
Dowan hits you but does no damage.
You barely miss Duvessa.
Duvessa is almost dead.
You feel sick. Duvessa completely misses you.
Dowan points at you and mumbles some strange words.
The puff of flame hits you!
* * * LOW HITPOINT WARNING * * *
You hit Duvessa. You drain Duvessa!
Duvessa is almost dead.
* * * LOW HITPOINT WARNING * * *
You feel sick. Duvessa closely misses you. Dowan hits you but does no damage.
Duvessa misses you.
You closely miss Duvessa.
Duvessa is almost dead.
* * * LOW HITPOINT WARNING * * *
You feel sick.
Duvessa hits you with a short sword of venom.
You die...

... #.# #
#.# .# # #.#
.# #......#
%####.#.#..#
...?...e...#
#..@...#
......e....#
#####...##.#
##### #


You could see Duvessa and Dowan.

Vanquished Creatures
  A crimson imp (D:3)
  Jessica (D:2)
  2 adders (D:3)
  4 worms
  2 dart slugs
  3 leopard geckos
  An orc (D:3)
  5 giant cockroaches
  14 goblins
  8 hobgoblins
  4 jackals
  6 kobolds
  3 quokkas (D:2)
  A ball python (D:2)
  9 bats
  5 frilled lizards
  6 rats
75 creatures vanquished.

Notes
Turn   | Place    | Note
-------+----------+-------------------------------------------
     0 | D:1      | Jmtri7 the Merfolk Monk began the quest for the Orb.
     0 | D:1      | Reached XP level 1. HP: 18/18 MP: 1/1
    64 | D:1      | Reached XP level 2. HP: 24/24 MP: 2/2
   121 | D:1      | Reached skill level 5 in Dodging
   595 | D:1      | Reached XP level 3. HP: 29/29 MP: 3/3
  1294 | D:2      | Found an ancient bone altar of Kikubaaqudgha.
  1323 | D:2      | Noticed a hand axe
  1323 | D:2      | Noticed a dagger
  1325 | D:2      | Reached skill level 6 in Dodging
  1326 | D:2      | Found a hide-covered altar of Uskayaw.
  1342 | D:2      | Found a shadowy altar of Dithmenos.
  1368 | D:2      | Noticed Jessica
  1396 | D:2      | Killed Jessica
  1396 | D:2      | Reached XP level 4. HP: 11/35 MP: 4/4
  1877 | D:2      | Found a glowing silver altar of Zin.
  2075 | D:3      | Reached skill level 7 in Dodging
  2463 | D:3      | Reached XP level 5. HP: 34/41 MP: 5/5
  2996 | D:3      | Found a snail-covered altar of Cheibriados.
  3106 | D:3      | Reached skill level 8 in Dodging
  3217 | D:4      | Noticed Duvessa
  3217 | D:4      | Noticed Dowan
  3237 | D:4      | Slain by Duvessa

Vault maps used:
D:1:      minmay_arrival_four_loops
D:2:      grunt_dithmenos_smoke_and_mirrors, dancing_weapons_uskayaw,
          nicolae_overflow_crystal_walls, zin_scriptorium, first_bread,
          uniq_jessica
D:3:      cheibriados_altar_1
D:4:      kennysheep_little_box, kennysheep_mini, serial_shops,
          nicolae_shop_stone, enter_ossuary_5, uniq_duvessa, uniq_sigmund,
          uniq_edmund

Skill      XL: |  1  2  3  4  5 |
---------------+----------------+-----
Dodging        | 5 6 7 8 |  8.0
Fighting       | |  3.2
Long Blades    | |  3.2
Stealth        | |  2.1

Action                   |  1- 3 |  4- 6 || total
-------------------------+-------+-------++-------
Melee: Falchion          |    49 |       ||    49
       Mace              |    42 |       ||    42
       Dagger            |    23 |   200 ||   223
  Use: Scroll            |     3 |     3 ||     6
 Stab: Sleeping          |     5 |     5 ||    10
  Eat: Chunk             |     2 |     6 ||     8
Armor: Robe              |    29 |    22 ||    51
Dodge: Dodged            |   162 |   123 ||   285
       Rpst.: Falchion   |    21 |       ||    21
